 Dungeon Crawl Stone Soup version 0.28-a0-312-gbced6e68ee (webtiles) character file.

Game seed: 12568307900387226593

39231 frimble the Fighter (level 14, -8/181 HPs)
             Began as a Gnoll Wanderer on Aug 31, 2021.
             Was a Priest of Cheibriados (penitent).
             Mangled by a white ugly thing (13 damage)
             ... on level 14 of the Dungeon.
             The game lasted 00:30:55 (18672 turns).

frimble the Fighter (Gnoll Wanderer)               Turns: 18672, Time: 00:30:56

Health: -8/181     AC: 18    Str: 10    XL:     14   Next: 5%
Magic:  11/26      EV: 19    Int: 17    God:    Cheibriados [*]
Gold:   760        SH: 11    Dex: 13    Spells: 23/30 levels left

rFire   . . .      SeeInvis .   I - +4 rapier
rCold   + . .      Faith    .   c - +0 buckler
rNeg    . . .      Spirit   .   e - +0 troll leather armour
rPois   .          Reflect  +   q - +1 helmet
rElec   .          Harm     .   (no cloak)
rCorr   .          Rampage  .   h - +1 pair of gloves
Will    +....                   j - +0 pair of boots
Stlth   ..........              k - amulet of reflection
HPRegen 1.40/turn               C - ring of protection from cold
MPRegen 0.20/turn               L - +4 ring of evasion

@: berserking, ice-armoured, very slow
A: fangs 1, strong nose, distributed training, shaggy fur 1, noise suppression
a: Renounce Religion


You were on level 14 of the Dungeon.
You worshipped Cheibriados.
Cheibriados was demanding penance.
You visited 1 branch of the dungeon, and saw 14 of its levels.

You collected 861 gold pieces.
You spent 101 gold pieces at shops.

Inventory:

Hand Weapons
 a - a +1 dagger of electrocution
 i - a +2 dagger of protection
 v - a +0 scimitar of flaming
 I - a +4 rapier (weapon)
Missiles
 f - 126 poisoned darts (quivered)
 r - 24 javelins
Armour
 c - a +0 buckler (worn)
 e - a +0 troll leather armour (worn)
 h - a +1 pair of gloves (worn)
 j - a +0 pair of boots (worn)
 q - a +1 helmet (worn)
Jewellery
 k - an amulet of reflection (around neck)
 m - a ring of magical power
 y - a ring of protection from cold
 C - a ring of protection from cold (left hand)
 F - an amulet of regeneration
 G - a ring of see invisible
 K - a ring of magical power
 L - a +4 ring of evasion (right hand)
 N - a +6 ring of strength
Wands
 d - a wand of polymorph (7)
 D - a wand of flame (43)
Scrolls
 g - 2 scrolls of enchant weapon
 o - 2 scrolls of immolation
 t - a scroll of identify
 u - 2 scrolls of amnesia
 w - 3 scrolls of magic mapping
 H - a scroll of fog
 M - 2 scrolls of enchant armour
Potions
 b - 2 potions of lignification
 l - a potion of cancellation
 n - 3 potions of brilliance
 p - a potion of mutation
 x - 2 potions of attraction
 A - 4 potions of haste
 B - 4 potions of degeneration {unknown}


   Skills:
 + Level 14.3 Fighting
 + Level 10.0 Short Blades
 + Level 8.9 Long Blades
 + Level 8.9 Axes
 + Level 8.9 Maces & Flails
 + Level 8.9 Polearms
 + Level 8.9 Staves
 + Level 8.9 Slings
 + Level 8.9 Bows
 + Level 8.9 Crossbows
 + Level 8.9 Throwing
 + Level 8.9 Armour
 + Level 8.9 Dodging
 + Level 8.9 Stealth
 + Level 10.0 Shields
 + Level 8.9 Unarmed Combat
 + Level 8.9 Spellcasting
 + Level 7.4 Conjurations
 + Level 7.4 Hexes
 + Level 7.4 Summonings
 + Level 7.4 Necromancy
 + Level 7.4 Translocations
 + Level 7.4 Transmutations
 + Level 7.4 Fire Magic
 + Level 7.4 Ice Magic
 + Level 7.4 Air Magic
 + Level 7.4 Earth Magic
 + Level 7.4 Poison Magic
 + Level 9.6 Invocations
 + Level 8.9 Evocations


You had 23 spell levels left.
You knew the following spells:

 Your Spells              Type           Power      Damage    Failure   Level
a - Passage of Golubria   Tloc           N/A        N/A       6%          4
b - Ozocubu's Armour      Ice            32%        N/A       1%          3

Your spell library contained the following spells:

 Spells                   Type           Power      Damage    Failure   Level
 Animate Skeleton         Necr           64%        N/A       1%          1
 Magic Dart               Conj           100%       1d8       1%          1
 Pain                     Necr           100%       1d9       1%          1
 Corpse Rot               Necr/Air       N/A        N/A       1%          2
 Searing Ray              Conj           64%        3d5       1%          2
 Gell's Gravitas          Tloc           16%        N/A       1%          3
 Teleport Other           Tloc           32%        N/A       1%          3
 Tukima's Dance           Hex            32%        N/A       1%          3
 Vampiric Draining        Necr           16%        2d8       1%          3
 Cause Fear               Hex            16%        N/A       6%          4
 Dispel Undead            Necr           32%        3d14      6%          4
 Fulminant Prism          Conj/Hex       16%        3d11      6%          4
 Hailstorm                Conj/Ice       32%        3d8       6%          4
 Ice Form                 Ice/Tmut       32%        N/A       6%          4
 Metabolic Englaciation   Hex/Ice        16%        N/A       16%         5
 Yara's Violent Unravell  Hex/Tmut       16%        3d8       16%         5
 Death Channel            Necr           16%        N/A       65%         6
 Dispersal                Tloc           16%        N/A       65%         6
 Simulacrum               Ice/Necr       16%        N/A       65%         6
 Dragon Form              Tmut           16%        N/A       99%         7
 Dragon's Call            Summ           16%        N/A       100%        9


Dungeon Overview and Level Annotations

Branches:
Dungeon (14/15)            Temple (0/1) D:4            Lair (0/6) D:9
    Orc (0/2) D:11
 Vaults: D:13-14

Altars:
Cheibriados
Dithmenos
Fedhas
Kikubaaqudgha
Nemelex Xobeh
Ru
Trog
Wu Jian
Yredelemnul
Zin
The Shining One

Shops:
D:3 [   D:9 *   D:10 [?   D:13 [

Annotations:
D:2 Jessica
D:11 exclusions: vampire and 1 more exclusion


Innate Abilities, Weirdness & Mutations

You have very sharp teeth.
Your uncanny sense of smell can sniff out nearby items.
Your experience applies equally to all skills.
You are covered in fur. (AC +1)
You passively dampen the noise of your surroundings.


Message History

You block the white ugly thing's attack.
You barely miss the white ugly thing. You bite the white ugly thing.
The white ugly thing is heavily wounded.
The white ugly thing completely misses you.
The white ugly thing bites you.
* * * LOW HITPOINT WARNING * * *
The white ugly thing freezes you! You resist.
* * * LOW HITPOINT WARNING * * *
You barely miss the white ugly thing.
The white ugly thing is heavily wounded.
You puncture the white ugly thing!
The white ugly thing is severely wounded.
You block the white ugly thing's attack.
The white ugly thing basks in the mutagenic energy from its kin and changes!
You closely miss the purple ugly thing.
The purple ugly thing is severely wounded.
The white ugly thing bites you.
* * * LOW HITPOINT WARNING * * *
The white ugly thing freezes you! You resist.
* * * LOW HITPOINT WARNING * * *
You puncture the purple ugly thing!
The purple ugly thing is almost dead.
The white ugly thing bites you.
* * * LOW HITPOINT WARNING * * *
The white ugly thing freezes you! You resist.
* * * LOW HITPOINT WARNING * * *
You closely miss the purple ugly thing. You bite the purple ugly thing.
You kill the purple ugly thing!
Cheibriados appreciates the change of pace.
Your Short Blades skill increases to level 10!
Your Shields skill increases to level 10!
You puncture the white ugly thing! You bite the white ugly thing!
The white ugly thing is severely wounded.
You block the white ugly thing's attack.
You puncture the white ugly thing!
The white ugly thing is almost dead.
The white ugly thing bites you.
* * * LOW HITPOINT WARNING * * *
The white ugly thing freezes you! You resist.
You die...

#.## ###....... ∆ ..#
##.u..uu... #.#
##(......... #.##
###(#......... #..###
##((###........
##....#### ###..##
#........
#...#....###..^##
##.......
##..#####...u†###
#####..# ##..##
###.@## #### ##..##
##.# ###..## #.#
##..## #.## ....####
##..# .......##
###...##
........#####......##
.(........#....###..##
#........#.##### ###.#


You could see a white ugly thing.

Vanquished Creatures
  An orc warlord (D:11)
  2 minotaurs (D:13)
  A yaktaur captain (D:11)
  2 hydras
  3 boulder beetles
  An anaconda (shapeshifter) (D:13)
  4 death yaks (D:13)
  5 two-headed ogres
  2 tengu warriors (D:13)
  Sonja (D:13)
  10 ugly things
  3 manticores
  4 cyclopes
  An efreet (D:14)
  9 yaktaurs (D:13)
  2 kobold demonologists
  2 tengu conjurers (D:13)
  A komodo dragon (D:11)
  5 trolls
  3 hornets
  A wolf spider simulacrum (D:14)
  A slime creature (D:14)
  A vampire (D:11)
  An air elemental (D:13)
  A wyvern (D:11)
  23 yaks
  2 wraiths
  A water elemental (D:13)
  The ghost of SolCadguy the Slasher, an amateur GnCA of Ignis (D:3)
  A steam dragon (D:8)
  A fire elemental (D:13)
  A vampire mosquito (D:13)
  4 acid dragons (D:11)
  7 water moccasins
  4 orc warriors
  An ice beast (D:6)
  A sky beast (D:7)
  A black bear (D:9)
  2 ogres
  5 centaurs
  4 kobold brigands
  6 bullfrogs
  A gnoll sergeant (D:11)
  6 scorpions
  An earth elemental (D:13)
  2 wyvern zombies (D:8)
  A wyvern skeleton (D:6)
  11 wights
  2 killer bees
  2 electric eels (D:13)
  A howler monkey (D:9)
  2 bullfrog zombies (D:6)
  10 centaur zombies
  9 orc priests
  3 hounds
  A jelly (D:6)
  2 bullfrog skeletons
  3 centaur skeletons
  6 iguanas
  17 orc wizards
  A hound skeleton (D:4)
  4 howler monkey zombies
  6 adders
  10 gnolls
  4 howler monkey skeletons (D:6)
  3 shadow imps
  2 white imps
  An ufetubus (D:5)
  2 worms
  A dart slug (D:1)
  30 orcs
  11 endoplasms
  8 giant cockroaches
  5 goblins
  5 hobgoblins
  2 quokkas
  6 ball pythons
  7 bats
  3 frilled lizards
  20 kobolds
  7 rats
  2 rat zombies (D:4)
352 creatures vanquished.

Vanquished Creatures (collateral kills)
  2 slime creatures (D:14)
2 creatures vanquished.

Vanquished Creatures (others)
  A gnoll (D:13)
  A quokka (D:2)
  A kobold (D:3)
  41 fungi (D:9)
  81 plants
  4 withered plants (D:6)
129 creatures vanquished.

Grand Total: 483 creatures vanquished

Notes
Turn   | Place    | Note
-------+----------+-------------------------------------------
     0 | D:1      | Reached skill level 12 in Fighting
     0 | D:1      | frimble the Gnoll Wanderer began the quest for the Orb.
     0 | D:1      | frimble set off with the following items: a +2 short sword,
                  | a potion of lignification, a +0 buckler, a +0 robe
     0 | D:1      | Reached XP level 1. HP: 31/31 MP: 1/1
   135 | D:1      | Reached XP level 2. HP: 15/38 MP: 2/2
   937 | D:1      | Reached XP level 3. HP: 42/44 MP: 3/3
  1171 | D:2      | Found a blossoming altar of Fedhas.
  1381 | D:2      | Reached skill level 1 in Invocations
  1396 | D:2      | Reached skill level 1 in Long Blades
  1396 | D:2      | Reached skill level 1 in Axes
  1396 | D:2      | Reached skill level 1 in Maces & Flails
  1396 | D:2      | Reached skill level 1 in Polearms
  1396 | D:2      | Reached skill level 1 in Staves
  1396 | D:2      | Reached skill level 1 in Slings
  1396 | D:2      | Reached skill level 1 in Bows
  1396 | D:2      | Reached skill level 1 in Crossbows
  1396 | D:2      | Reached skill level 1 in Throwing
  1396 | D:2      | Reached skill level 1 in Armour
  1396 | D:2      | Reached skill level 1 in Dodging
  1396 | D:2      | Reached skill level 1 in Stealth
  1396 | D:2      | Reached skill level 1 in Unarmed Combat
  1396 | D:2      | Reached skill level 1 in Spellcasting
  1396 | D:2      | Reached skill level 1 in Evocations
  1411 | D:2      | Reached XP level 4. HP: 19/51 MP: 5/5
  1701 | D:2      | Found a faded altar of an unknown god.
  1843 | D:2      | Reached skill level 1 in Conjurations
  1843 | D:2      | Reached skill level 1 in Hexes
  1843 | D:2      | Reached skill level 1 in Summonings
  1843 | D:2      | Reached skill level 1 in Necromancy
  1843 | D:2      | Reached skill level 1 in Translocations
  1843 | D:2      | Reached skill level 1 in Transmutations
  1843 | D:2      | Reached skill level 1 in Fire Magic
  1843 | D:2      | Reached skill level 1 in Ice Magic
  1843 | D:2      | Reached skill level 1 in Air Magic
  1843 | D:2      | Reached skill level 1 in Earth Magic
  1843 | D:2      | Reached skill level 1 in Poison Magic
  1857 | D:2      | Noticed Jessica
  2815 | D:3      | Noticed a kobold brigand
  2853 | D:3      | Killed a kobold brigand
  2854 | D:3      | Reached XP level 5. HP: 37/57 MP: 5/7
  3017 | D:3      | Found Piyxageh's Armour Shop.
  3031 | D:3      | Bought a +0 pair of gloves for 45 gold pieces
  3153 | D:3      | Found a runed translucent gate.
  3153 | D:3      | Found a runed translucent gate.
  3153 | D:3      | Found a runed translucent gate.
  3154 | D:3      | Noticed a kobold brigand
  3155 | D:3      | Noticed SolCadguy's ghost (amateur GnCA)
  3363 | D:3      | Found a glowing golden altar of the Shining One.
  3518 | D:4      | Found a bloodstained altar of Trog.
  3586 | D:4      | Reached XP level 6. HP: 56/64 MP: 8/8
  3695 | D:4      | Found a snail-covered altar of Cheibriados.
  3753 | D:4      | Became a worshipper of Cheibriados the Contemplative
  3964 | D:4      | Found a staircase to the Ecumenical Temple.
  4387 | D:4      | Found an ancient bone altar of Kikubaaqudgha.
  4441 | D:4      | Reached skill level 5 in Short Blades
  4441 | D:4      | Reached skill level 5 in Shields
  4656 | D:4      | Found a sacrificial altar of Ru.
  4767 | D:4      | Learned a level 4 spell: Passage of Golubria
  4861 | D:5      | Entered Level 5 of the Dungeon
  4861 | D:5      | Found a shadowy altar of Dithmenos.
  4944 | D:5      | Reached * piety under Cheibriados
  4945 | D:5      | Reached XP level 7. HP: 63/70 MP: 10/10
  5551 | D:5      | Reached ** piety under Cheibriados
  5557 | D:5      | Reached XP level 8. HP: 31/77 MP: 12/12
  6505 | D:5      | Found a sparkling altar of Nemelex Xobeh.
  6895 | D:6      | Reached *** piety under Cheibriados
  6935 | D:6      | Reached XP level 9. HP: 81/83 MP: 14/14
  7672 | D:7      | Was placed under penance by Cheibriados
  7829 | D:7      | Was forgiven by Cheibriados
  8045 | D:7      | Found an ornate altar of the Wu Jian Council.
  8353 | D:7      | Reached skill level 5 in Invocations
  9099 | D:8      | Noticed a hornet
  9110 | D:8      | Killed a hornet
  9273 | D:8      | Reached XP level 10. HP: 91/91 MP: 17/17
  9436 | D:8      | Found a basalt altar of Yredelemnul.
  9536 | D:8      | Found a sacrificial altar of Ru.
  9788 | D:8      | Found a blossoming altar of Fedhas.
  9851 | D:8      | Reached **** piety under Cheibriados
  9852 | D:8      | Reached skill level 5 in Long Blades
  9852 | D:8      | Reached skill level 5 in Axes
  9852 | D:8      | Reached skill level 5 in Maces & Flails
  9852 | D:8      | Reached skill level 5 in Polearms
  9852 | D:8      | Reached skill level 5 in Staves
  9852 | D:8      | Reached skill level 5 in Slings
  9852 | D:8      | Reached skill level 5 in Bows
  9852 | D:8      | Reached skill level 5 in Crossbows
  9852 | D:8      | Reached skill level 5 in Throwing
  9852 | D:8      | Reached skill level 5 in Armour
  9852 | D:8      | Reached skill level 5 in Dodging
  9852 | D:8      | Reached skill level 5 in Stealth
  9852 | D:8      | Reached skill level 5 in Unarmed Combat
  9852 | D:8      | Reached skill level 5 in Spellcasting
  9852 | D:8      | Reached skill level 5 in Evocations
 10636 | D:3      | Killed SolCadguy's ghost
 11327 | D:8      | Reached skill level 13 in Fighting
 11387 | D:9      | Reached ***** piety under Cheibriados
 11544 | D:9      | Found Eni Edgh's Assorted Antiques.
 11738 | D:9      | Found a staircase to the Lair.
 12076 | D:10     | Entered Level 10 of the Dungeon
 12137 | D:10     | Found Cheibriados's Comfort Zone.
 12139 | D:10     | Found a snail-covered altar of Cheibriados.
 12419 | D:10     | Reached XP level 11. HP: 98/98 MP: 19/19
 12689 | D:10     | Found Iliar's Magic Scroll Shoppe.
 12697 | D:10     | Bought a scroll of magic mapping for 56 gold pieces
 12735 | D:11     | Noticed a two-headed ogre
 12735 | D:11     | Noticed a seven-headed hydra
 12754 | D:11     | Killed a two-headed ogre
 12755 | D:11     | Reached skill level 5 in Conjurations
 12755 | D:11     | Reached skill level 5 in Hexes
 12755 | D:11     | Reached skill level 5 in Summonings
 12755 | D:11     | Reached skill level 5 in Necromancy
 12755 | D:11     | Reached skill level 5 in Translocations
 12755 | D:11     | Reached skill level 5 in Transmutations
 12755 | D:11     | Reached skill level 5 in Fire Magic
 12755 | D:11     | Reached skill level 5 in Ice Magic
 12755 | D:11     | Reached skill level 5 in Air Magic
 12755 | D:11     | Reached skill level 5 in Earth Magic
 12755 | D:11     | Reached skill level 5 in Poison Magic
 12756 | D:11     | Killed a seven-headed hydra
 12808 | D:11     | Noticed a two-headed ogre
 12820 | D:11     | Killed a two-headed ogre
 12989 | D:11     | Noticed a manticore
 12993 | D:11     | Noticed a cyclops
 13625 | D:11     | Found a staircase to the Orcish Mines.
 13694 | D:11     | Noticed a boulder beetle
 13702 | D:11     | Noticed a two-headed ogre
 13710 | D:11     | Killed a two-headed ogre
 13717 | D:11     | Killed a boulder beetle
 14469 | D:11     | Killed a cyclops
 14627 | D:11     | Noticed a cyclops
 14637 | D:11     | Reached XP level 12. HP: 74/105 MP: 22/22
 14920 | D:11     | Noticed a yaktaur captain
 14920 | D:11     | Noticed a fire giant
 14921 | D:11     | Noticed a death knight
 14921 | D:11     | Noticed an orc warlord
 14927 | D:11     | Noticed a death knight
 14929 | D:11     | Killed a yaktaur captain
 14940 | D:11     | Killed an orc warlord
 15198 | D:12     | Noticed a four-headed hydra
 15207 | D:12     | Killed a four-headed hydra
 15597 | D:12     | Found a glowing silver altar of Zin.
 16362 | D:13     | Noticed a tengu warrior
 16382 | D:13     | Killed a tengu warrior
 16447 | D:13     | Found Hoixuytro's Armour Emporium.
 16454 | D:13     | Noticed a tengu warrior
 16458 | D:13     | Killed a tengu warrior
 16532 | D:13     | Reached XP level 13. HP: 112/112 MP: 24/24
 16668 | D:13     | Reached skill level 14 in Fighting
 17100 | D:13     | Learned a level 3 spell: Ozocubu's Armour
 17159 | D:13     | Noticed Sonja
 17164 | D:13     | Killed Sonja
 17220 | D:13     | Found a large runed translucent door.
 17220 | D:13     | Found a large runed translucent door.
 17565 | D:13     | Noticed a minotaur
 17571 | D:13     | Gained mutation: You are covered in fur. (AC +1) [potion of
                  | mutation]
 17571 | D:13     | Gained mutation: You passively dampen the noise of your
                  | surroundings. [potion of mutation]
 17585 | D:13     | Killed a minotaur
 17642 | D:13     | Identified the +2 scale mail of Distant Worlds {rC+ Int+3}
 17652 | D:13     | Noticed a minotaur
 17673 | D:13     | Was placed under penance by Cheibriados
 17684 | D:13     | Killed a minotaur
 17945 | D:13     | Was forgiven by Cheibriados
 18100 | D:13     | Paralysed by an air elemental for 1 turns
 18104 | D:13     | Paralysed by an air elemental for 1 turns
 18110 | D:13     | Paralysed by an air elemental for 1 turns
 18115 | D:13     | Paralysed by an air elemental for 1 turns
 18304 | D:14     | Found a bloodstained altar of Trog.
 18601 | D:14     | Reached XP level 14. HP: 121/121 MP: 23/26
 18615 | D:14     | Was placed under penance by Cheibriados
 18669 | D:14     | HP: 3/181 [white ugly thing (10)]
 18671 | D:14     | Reached skill level 10 in Short Blades
 18671 | D:14     | Reached skill level 10 in Shields
 18672 | D:14     | Mangled by a white ugly thing

Illustrated notes

Levels and vault maps discovered:
D:1:      psy_arrival_conway, layout_basic
D:2:      minmay_chambers_of_twos, layout_basic, basic_altar,
          hellmonk_ecumenical_altar_crossroads, uniq_jessica
D:3:      layout_rooms, tso_oasis_becter, gammafunk_ghost_nasty_kobolds,
          serial_shops, nicolae_shop_crystal, serial_corexii_hall,
          chequers_hall_statues_y, chequers_hall_statues_corner_a
D:4:      layout_loops_cross, mainiacjoe_overflow_tiny_flanked,
          lemuel_zombie_altar_kikubaaqudgha, lemuel_doored_altar,
          minmay_temple_entry_fiery, kennysheep_diamond
D:5:      layout_gridville, nemelex_dance_club_becter,
          grunt_dithmenos_smoke_and_mirrors
D:6:      layout_rooms, serial_undead, serial_undead_c, serial_undead_f,
          serial_undead_b, serial_undead_b, serial_undead_f, serial_undead_b,
          serial_undead_f, minmay_increasing_density
D:7:      minmay_spotlight, layout_rooms, nicolae_wu_jian_immortal_techniques,
          serial_bayou_pond_c, amcnicky_mini_pool_small
D:8:      layout_basic, nicolae_ru_awakened_eye, amcnicky_altar_gilded,
          mainiacjoe_overflow_24_doors, chequers_serial_rivers_micro_b
D:9:      layout_roguey, due_lair_maze_entry_diamond, serial_shops, shop,
          kennysheep_decorative_pillar, grunt_decor_arrowhead
D:10:     layout_long_grid, serial_shops, shop, minmay_shop_chei
D:11:     nzn_winding_woodlands_huge [nzn_winding_woodlands_5x15_pockets,
          nzn_winding_woodlands_5x15_default,
          nzn_winding_woodlands_5x15_sawtooth,
          nzn_winding_woodlands_5x15_crooked,
          nzn_winding_woodlands_5x15_sidewinder,
          nzn_winding_woodlands_5x15_pool, nzn_winding_woodlands_5x15_eye,
          nzn_winding_woodlands_5x15_pathside_ponds,
          nzn_winding_woodlands_5x15_garden,
          nzn_winding_woodlands_5x15_lazy_stream,
          nzn_winding_woodlands_center_pierced_h,
          nzn_winding_woodlands_center_triple_pond,
          nzn_winding_woodlands_15x15_five_gardens], layout_irregular_city,
          orc_0_dummy
D:12:     layout_layer_cave, zin_scriptorium
D:13:     fort_yaktaur, layout_irregular_city, serial_shops, shop, st_stairs_10,
          lightli_elemental_guards, uniq_sonja
D:14:     minmay_mutant_horseshoe, layout_cave_pods,
          grunt_vaults_entry_fortified, bloody_trog

Skill      XL: |  1  2  3  4  5  6  7  8  9 10 11 12 13 14 |
---------------+-------------------------------------------+-----
Fighting       | 13 14 | 14.3
Invocations    | 1 2 3 4 5 6 7 8 9 |  9.6
Long Blades    | 1 2 3 4 5 6 7 8 |  8.9
Axes           | 1 2 3 4 5 6 7 8 |  8.9
Maces & Flails | 1 2 3 4 5 6 7 8 |  8.9
Polearms       | 1 2 3 4 5 6 7 8 |  8.9
Staves         | 1 2 3 4 5 6 7 8 |  8.9
Slings         | 1 2 3 4 5 6 7 8 |  8.9
Bows           | 1 2 3 4 5 6 7 8 |  8.9
Crossbows      | 1 2 3 4 5 6 7 8 |  8.9
Throwing       | 1 2 3 4 5 6 7 8 |  8.9
Armour         | 1 2 3 4 5 6 7 8 |  8.9
Dodging        | 1 2 3 4 5 6 7 8 |  8.9
Stealth        | 1 2 3 4 5 6 7 8 |  8.9
Unarmed Combat | 1 2 3 4 5 6 7 8 |  8.9
Spellcasting   | 1 2 3 4 5 6 7 8 |  8.9
Evocations     | 1 2 3 4 5 6 7 8 |  8.9
Conjurations   | 1 2 3 4 5 6 7 |  7.4
Hexes          | 1 2 3 4 5 6 7 |  7.4
Summonings     | 1 2 3 4 5 6 7 |  7.4
Necromancy     | 1 2 3 4 5 6 7 |  7.4
Translocations | 1 2 3 4 5 6 7 |  7.4
Transmutations | 1 2 3 4 5 6 7 |  7.4
Fire Magic     | 1 2 3 4 5 6 7 |  7.4
Ice Magic      | 1 2 3 4 5 6 7 |  7.4
Air Magic      | 1 2 3 4 5 6 7 |  7.4
Earth Magic    | 1 2 3 4 5 6 7 |  7.4
Poison Magic   | 1 2 3 4 5 6 7 |  7.4
Short Blades   | 5 6 7 8 9 10 | 10.0
Shields        | 5 6 7 8 9 10 | 10.0

Action                   |  1- 3 |  4- 6 |  7- 9 | 10-12 | 13-15 || total
-------------------------+-------+-------+-------+-------+-------++-------
Melee: Short sword       |    52 |       |       |       |       ||    52
       Bite              |    10 |    33 |    70 |    84 |    67 ||   264
       Dagger            |    72 |   373 |   490 |   514 |   268 ||  1717
       Rapier            |       |       |       |       |   132 ||   132
Throw: Dart              |    12 |    29 |     9 |    62 |    68 ||   180
       Javelin           |       |       |       |     5 |     7 ||    12
 Cast: Ozocubu's Armour  |       |       |       |       |    10 ||    10
       Passage of Golubr |       |       |       |       |     4 ||     4
Invok: Slouch            |       |       |       |     2 |     5 ||     7
       Bend Time         |       |       |       |     1 |     1 ||     2
Evoke: Wand              |       |       |     3 |    23 |    11 ||    37
  Use: Scroll            |       |    12 |     3 |     5 |     4 ||    24
       Potion            |       |     1 |     3 |     3 |     9 ||    16
 Stab: Distracted        |     1 |       |       |     1 |       ||     2
       Sleeping          |       |     3 |     7 |    12 |     1 ||    23
       Paralysed         |       |       |       |     3 |     2 ||     5
Armor: Robe              |    15 |    82 |       |       |       ||    97
       Leather armour    |       |    24 |   146 |    85 |       ||   255
       Skin              |       |       |       |     3 |       ||     3
       Troll leather arm |       |       |       |    22 |    58 ||    80
Dodge: Dodged            |    43 |   131 |   160 |   263 |   167 ||   764
Block: Buckler           |    42 |   154 |   198 |   300 |   161 ||   855
       Reflection        |       |     3 |     6 |     8 |     5 ||    22

Table legend: (Time is in decaauts)
 A = Elapsed time spent in this place.
 B = Non-inter-level travel time spent in this place.
 C = Inter-level travel time spent in this place.
 D = Time resting spent in this place.
 E = Time spent auto-exploring this place.
 F = Levels seen in this place.
 G = Mean time per level.
                   A        B        C        D        E       F      G
               +--------+--------+--------+--------+--------+-----+--------+
         Total |  23433 |  22330 |   1103 |    441 |  18117 |  14 | 1673.8 |
       Dungeon |  23433 |  22330 |   1103 |    441 |  18117 |  14 | 1673.8 |
               +--------+--------+--------+--------+--------+-----+--------+

Top non-repeatable levels by time:
    D:11: 2899 daAuts
    D:12: 2441 daAuts
     D:8: 2335 daAuts
    D:13: 2310 daAuts
     D:5: 1949 daAuts
     D:7: 1760 daAuts
     D:4: 1578 daAuts
     D:2: 1562 daAuts
     D:6: 1393 daAuts
     D:3: 1213 daAuts
     D:1: 1163 daAuts
     D:9: 1157 daAuts
    D:10: 1034 daAuts
    D:14: 634 daAuts
